Cogmind - Beta 10.2 @@@ ROGUE MODE // 2021.08.15 @ 08:33:23 Player: EyeSayUgh Result: Core destroyed Performance ------------- Evolutions (1) 500 Regions Visited (2) 400 Robots Destroyed (19) 95 Value Destroyed (505) 505 Prototype IDs (1) 20 Alien Tech Used (0) 0 Bonus (0) 0 TOTAL SCORE: 1520 Bonus ------- None Cogmind --------- Core Integrity 0/400 Matter 253/300 Energy 395/415 System Corruption 0% Temperature Cool (653) Movement Walking (120) Location -9/Materials Parts ------- > --- POWER (2) -------- Ion Engine Reinforced Ion Engine > --- PROPULSION (3) --- Aluminum Leg Aluminum Leg Aluminum Leg > --- UTILITY (2) ------ Sensor Array Signal Interpreter > --- WEAPON (2) ------- Electrolaser Advanced Beam Cannon > --- INVENTORY (4) ---- Aluminum Leg Airjet Hammer Maul Peak State ------------ > --- POWER ------------ Ion Engine > --- PROPULSION ------- Airjet Airjet Airjet > --- UTILITY ---------- Signal Interpreter Improved Terrain Scanner > --- WEAPON ----------- Electrolaser Electrolaser > --- INVENTORY -------- Hover Unit Airjet Electrolaser Electrolaser [Rating: 20] Favorites ----------- Power Ion Engine Engine Ion Engine Propulsion Wheel Leg Aluminum Leg Wheel Wheel Hover Unit Airjet Utility Signal Interpreter Device Improved Terrain Scanner Processor Signal Interpreter Weapon Electrolaser Energy Gun Electrolaser Energy Cannon Advanced Beam Cannon Ballistic Gun Assault Rifle Impact Weapon Hammer Build | -11 -10 -9 ------- Run | Scr Mat Mat Slots Evolved 2 | . . 2 Power 1 | . . 1 Propulsion 1 | . . 1 Utility . | . . . Weapon . | . . . Parts Attached 30 | 5 1 24 Power 4 | 1 . 3 Engine 4 | 1 . 3 Core . | . . . Reactor . | . . . Propulsion 12 | 2 . 10 Treads . | . . . Leg 4 | . . 4 Wheel 2 | 2 . . Hover 6 | . . 6 Flight . | . . . Utility 3 | . 1 2 Device 2 | . . 2 Storage . | . . . Processor 1 | . 1 . Hackware . | . . . Protection . | . . . Artifact . | . . . Weapon 11 | 2 . 9 Energy Gun 5 | 1 . 4 Energy Cannon 1 | . . 1 Ballistic Gun 2 | 1 . 1 Ballistic Cannon . | . . . Launcher . | . . . Special Weapon . | . . . Impact Weapon 3 | . . 3 Slashing Weapon . | . . . Piercing Weapon . | . . . Special Melee Weapon . | . . . Unidentified Prototypes 1 | . . 1 Parts Lost 9 | . 5 4 Power 2 | . 1 1 Propulsion 4 | . 2 2 Utility . | . . . Weapon 3 | . 2 1 Highest Loss Streak 5 | . 5 3 Average Slot Usage (%) 71 | . 72 70 Engine 13 | . 13 12 Leg 7 | . . 13 Wheel 12 | . 27 . Hover 6 | . . 10 Device 3 | . . 5 Processor 8 | . 4 11 Energy Gun 11 | . 12 9 Ballistic Gun 7 | . 12 2 Impact Weapon 1 | . . 2 Naked Turns . | . . . Heaviest Build 23 | 9 9 23 Greatest Support 30 | 20 20 30 Greatest Overweight (x) 3 | 1 . 3 Average Overweight (x) . | . . . Largest Inventory Capacity 4 | 4 4 4 Average Capacity 4 | 4 4 4 Most Carried 4 | 4 4 4 Average Carried 2 | 1 3 2 Final Capacity 4 | 4 4 4 Final Carried 4 | 4 2 4 Class Distribution -------------------- 100% | Mutant Dominant Class ---------------- Mutant | -10/Materials Mutant | -9/Materials Resources | -11 -10 -9 ----------- Run | Scr Mat Mat Matter Collected 574 | 157 91 326 Remotely . | . . . Salvage Created 637 | 10 112 515 Parts 43 | 4 7 32 Haulers Intercepted . | . . . Recyclers Shooed . | . . . Parts Field Recycled . | . . . Retrieved Matter . | . . . Parts Self-Destructed . | . . . Prevented . | . . . Kills | -11 -10 -9 ------- Run | Scr Mat Mat Combat Hostiles Destroyed 17 | . 4 13 Guns 15 | . 4 11 Cannons 2 | . . 2 Classes Destroyed 6 | 1 2 3 Tunneler 1 | 1 . . Watcher 1 | . . 1 Swarmer 6 | . 2 4 Grunt 5 | . 2 3 Brawler 2 | . . 2 Sentry 4 | . . 4 Best Kill Streak 5 | 1 3 5 Combat Bots Only 5 | . 3 5 Max Kills in Single Turn 2 | 1 2 1 Gunslinging 1 | . 1 . Exploded . | . . . Melee . | . . . Uniques/NPCs Destroyed . | . . . Combat | -11 -10 -9 -------- Run | Scr Mat Mat Damage Taken 1585 | . 497 1088 Core 623 | . 195 428 Absorbed by Shields . | . . . Core Remaining (%) 61 | 100 22 . Volleys Fired 48 | 1 11 36 Largest 2 | 2 2 2 Hottest 131 | 70 70 131 Shots Fired 94 | 2 22 70 Gun 85 | 2 22 61 Cannon 9 | . . 9 Launcher . | . . . Special . | . . . Kinetic 22 | 1 11 10 Thermal 72 | 1 11 60 Explosive . | . . . Electromagnetic . | . . . Robot Hit Streak 14 | 2 8 14 Robot Miss Streak 6 | . 2 6 Penetration Max . | . . . Secondary Targets 4 | . 1 3 Max Gunslinging Chain 1 | . 1 1 Shots Hit Robots 61 | 2 17 42 Core Hits 29 | 1 7 21 Critical Hits . | . . . Critical Kills . | . . . Critical Parts Destroyed . | . . . Melee Attacks 2 | . . 2 Impact 2 | . . 2 Slashing . | . . . Piercing . | . . . Sneak Attacks . | . . . Combat Hostiles . | . . . Follow-up Attacks . | . . . Damage Inflicted 1014 | 25 225 764 Guns 924 | 25 225 674 Cannons 61 | . . 61 Explosions . | . . . Melee 29 | . . 29 Ramming . | . . . Kinetic 240 | 13 113 114 Thermal 745 | 12 112 621 Explosive . | . . . Electromagnetic . | . . . Impact 29 | . . 29 Slashing . | . . . Piercing . | . . . Highest Corruption . | . . . Average Corruption . | . . . Corruption Purged . | . . . Overload Shots . | . . . Overflow Damage 1 | . . 1 Projectiles 1 | . . 1 Explosions . | . . . Melee . | . . . Knockbacks . | . . . Impact . | . . . Kinetic . | . . . Secondary . | . . . Self-Inflicted Damage . | . . . Shots . | . . . Rammed . | . . . Targets Rammed . | . . . Kicked . | . . . Crushed . | . . . Highest Temperature 734 | 9 150 734 Average Temperature 216 | 6 47 263 Received Heat Transfer 363 | . 138 225 Effects 31 | . . 31 Shutdowns 6 | . . 6 Energy Bleed 1 | . . 1 Interference 6 | . . 6 Matter Decay 3 | . . 3 Short Circuit 2 | . . 2 Damage (minor) 4 | . . 4 Damage (major) 5 | . . 5 Damage (core) 4 | . . 4 Siege Activations . | . . . Robots Corrupted . | . . . Combat Hostiles . | . . . Parts Fried . | . . . Impact Corruptions . | . . . Robots Melted . | . . . Combat Hostiles . | . . . Parts Melted 1 | . . 1 Heat Transferred 1702 | 37 333 1332 Parts Sabotaged . | . . . Parts Stolen . | . . . Parts Stripped . | . . . Power Chain Reactions . | . . . Missiles Intercepted . | . . . Alert | -11 -10 -9 ------- Run | Scr Mat Mat Peak Influence 290 | 5 143 290 Initial 3 | . 3 . Average 79 | 1 41 118 Maximum Alert Level 1 | . . 1 Low Security (%) 92 | 100 100 85 Level 1 7 | . . 14 Level 2 . | . . . Level 3 . | . . . Level 4 . | . . . Level 5 . | . . . High Security . | . . . Max Security . | . . . Squads Dispatched 4 | . 3 1 Investigation . | . . . Extermination . | . . . Reinforcement 4 | . 3 1 Assault . | . . . Garrison . | . . . Intercept . | . . . Construction Impeded . | . . . Haulers Reinforced . | . . . Stealth | -11 -10 -9 --------- Run | Scr Mat Mat Distress Signals 2 | . . 2 Communications Jammed . | . . . Distress Signals . | . . . Times Spotted 32 | . 13 19 Peak Tracking Total 9 | . 9 5 Tactical Retreats 3 | . . 3 Traps | -11 -10 -9 ------- Run | Scr Mat Mat Traps Triggered . | . . . Indirectly . | . . . Trap Hack Attempts . | . . . Triggered . | . . . Disarmed . | . . . Reprogrammed . | . . . Reused . | . . . Traps Extracted . | . . . Installed . | . . . Triggered . | . . . Machines | -11 -10 -9 ---------- Run | Scr Mat Mat Machines Disabled . | . . . Max in Single Turn . | . . . Machines Sabotaged . | . . . Garrisons Compromised . | . . . Overloaded Fab Kills . | . . . Fab Network Shutdowns . | . . . Hacking | -11 -10 -9 --------- Run | Scr Mat Mat Machines Accessed 1 | . . 1 Terminals 1 | . . 1 Fabricators . | . . . Repair Stations . | . . . Recycling Units . | . . . Scanalyzers . | . . . Garrison Access . | . . . Total Hacks 3 | . . 3 Successful 2 | . . 2 Failed 1 | . . 1 Catastrophic . | . . . Database Lockouts . | . . . Manual . | . . . Terminals 3 | . . 3 Fabricators . | . . . Repair Stations . | . . . Recycling Units . | . . . Scanalyzers . | . . . Garrison Access . | . . . Terminal Hacks 2 | . . 2 Record 1 | . . 1 Alert Level 1 | . . 1 Fabricator Hacks . | . . . Repair Station Hacks . | . . . Recycling Unit Hacks . | . . . Scanalyzer . | . . . Garrison Access Hacks . | . . . Unauthorized Hacks . | . . . Terminals . | . . . Fabricators . | . . . Repair Stations . | . . . Recycling Units . | . . . Scanalyzers . | . . . Garrison Access . | . . . Data Cores Recovered . | . . . Used . | . . . Hacking Detections 1 | . . 1 Full Trace Events 1 | . . 1 Feedback Events . | . . . Feedback Blocked . | . . . Robot Schematics Acquired . | . . . Robots Built . | . . . Matter . | . . . Time . | . . . Total Robot Build Rating . | . . . Part Schematics Acquired . | . . . Parts Built . | . . . Matter . | . . . Time . | . . . Total Part Build Rating . | . . . Parts Repaired . | . . . Time . | . . . Parts Recycled . | . . . Recycled Matter . | . . . Retrieved Matter . | . . . Retrieved Components . | . . . Parts Scanalyzed . | . . . Part Schematics Acquired . | . . . Parts Damaged . | . . . Bothacking | -11 -10 -9 ------------ Run | Scr Mat Mat Used RIF Installer . | . . . Robots Hacked . | . . . Non-combat . | . . . Combat . | . . . Robot Hacks Applied . | . . . Relay Couplers Released . | . . . Robots Rewired . | . . . Allies Hacked . | . . . Hacks Repelled . | . . . Allies | -11 -10 -9 -------- Run | Scr Mat Mat Total Allies . | . . . Largest Group . | . . . Highest-Rated Group . | . . . Highest-Rated Ally . | . . . Total Orders . | . . . Ally Attacks . | . . . Total Damage . | . . . Kills . | . . . Allies Corrupted . | . . . Allies Melted . | . . . Intel | -11 -10 -9 ------- Run | Scr Mat Mat Robot Analysis Total . | . . . Derelict Logs Recovered . | . . . Drone Launches . | . . . Drone Recoveries . | . . . Exploration | -11 -10 -9 ------------- Run | Scr Mat Mat Turns Passed 986 | 58 410 518 Spaces Moved 586 | 51 205 330 Core 23 | 10 10 3 Treads . | . . . Legs 106 | . . 106 Wheels 236 | 41 195 . Hover 221 | . . 221 Flight . | . . . Fastest Speed 50 | 50 50 52 Average Speed 84 | 80 78 88 Slowest Speed 200 | 100 80 200 Overloaded Moves . | . . . Propulsion Burnouts . | . . . Robots Hopped . | . . . Cave-ins Triggered . | . . . Exploration Rate (%) 17 | 3 26 24 Regions Visited 2 Branch Regions . Pre-discovered Areas . | . . . Known Exits Taken 1 | . 1 . Unknown Exits Taken 1 | 1 . . Scrap Searched . | . . . Spaces Dug . | . . . Terrain Destroyed . | . . . Melee . | . . . Projectile . | . . . AOE . | . . . Terrain Rammed . | . . . Walls Destroyed . | . . . Machines Disabled . | . . . Actions | -11 -10 -9 --------- Run | Scr Mat Mat Total 980 | 65 432 483 Wait 276 | . 211 65 Move 584 | 50 204 330 Hop . | . . . Pick Up 27 | 9 2 16 Fast Attach 6 | . . 6 Attach 17 | 5 1 11 Detach 1 | . . 1 Swap 7 | . . 7 Drop 12 | . 3 9 Fire 48 | 1 11 36 Melee 2 | . . 2 Ram . | . . . Kick . | . . . Crush . | . . . Escape Stasis . | . . . Rewire . | . . . Trap . | . . . Miscellaneous . | . . . Route ------- -11/Scrapyard -10/Materials -9/Materials (discovered 1 exit: [*Min]) History --------- Turn | Location | Event 7 | -11/Scrapyard | Discovered new exit (range 16) 59 | -11/Scrapyard | Entered Materials 307 | -10/Materials | Build established: Mutant 456 | -10/Materials | Core integrity fell below 50% 459 | -10/Materials | Discovered new exit (range 16) 468 | -10/Materials | Identified exit to Materials 469 | -10/Materials | Entered another Materials area 469 | -9/Materials | Evolved 2 slots: Power x1, Propulsion x1 494 | -9/Materials | Lost 5 parts (1p2n2w) 723 | -9/Materials | Lost 3 parts (2n1w) 805 | -9/Materials | Core integrity fell below 50% 870 | -9/Materials | Discovered new exit (range 10) 987 | -9/Materials | Core integrity fell below 20% 988 | -9/Materials | Core destroyed Last Messages --------------- 00954_ C-30 ARC bursts open, deploying its payload. 00954_ S-10 Pest unfolds itself. 00954_ W-16 Scout destroyed. 00957_ Identified Adv. Beam Cannon. 00959_ Destroyed Flight Unit. 00962_ S-10 Pest destroyed. 00977_ Power failure, Ion Engine shutdown. 00977_ Overheating: Core damaged (-56). 00977_ S-10 Pest destroyed. 00978_ Overheating: Aluminum Leg damaged (-14). 00979_ Power failure, Rnf. Ion Engine shutdown. 00981_ Overheating: Aluminum Leg damaged (-33). 00981_ Overheating: Aluminum Leg damaged (-14). 00983_ S-10 Pest destroyed. 00985_ Overheating: System interference. 00985_ Electrolaser temporarily disabled. 00985_ Signal Interpreter temporarily disabled. 00986_ Acquired 13 matter. 00987_ Overheating: Core damaged (-56). 00988_ Overheating: Core damaged (-76). Map ----- +----------------------------------------------------+ | | | | | | | | | | | | | | | | | ????#####################?????????????????????? | | ????# = # #?????????????????????? | | ????# = # """ #?????????????????????? | | ##### == # """ #?????????????????????? | | # + [=== # """ #?????????????????????? | | # ### !=*!% # #?????????????????????? | | # #?# = [=%= ####+####?????????????????????? | | #?# =[[ % ## ##+#########+###???????? | | # #?######+####### #???????? | | # ##????# < ? / ??????? | | ###### ###### #???????? | | #????# ##*#########+??????????? | | ###### #????### ###%%*%! #???????????????? | | ####????# #?######+###=%*= #???????????????? | | ????????# #?#% #%[ #???????????????? | | ????????# #?# """ #[* #???????????????? | | ##??????# #?# """ # #???????????????? | | ????????# #?# """ # @ #? ?? ??????????? | | ????##### #?# # #???????????????? | | ? ??# #?# " " # = #############???? | | ????# #?# "R" # ! ## # #???? | | ??#?# #?# """ / # ## # """ #???? | | ? ??# #?# # *## # """ #???? | | ??#?#!! #######+############ + """ #???? | | ???#!! #"""## + # # #???? | | ????##### #"T"## #### # # #???? | | ???????# #??# # ##########?? | | ????????# #### # # #?? | | ????????# ! " """# # # """" #?? | | ???????## """ T"# # # """" #?? | | ####### """ """####/### # """" #?? | | """ ##?# # #?? | | "" #??# + """" #?? | | """ #??# # """" #?? | | ####### "" #??# ######/# """" #?? | | ???????### "" ""#??# # # #?? | | ?????????# " T"#??# # ##########?? | | ?????????# ! ""#### + """ #??????#???? | | ?????????# # """ ##?????????? | | ????#???## # """ ##?????#??#? | | ?????????# ####### # #?###?#????? | | ?????????# #?????######## ########??????????? | +----------------------------------------------------+ Best States ------------- Heat Dissipation 28 Energy Generation 17 Energy Capacity 415 Matter Stores 290 Matter Capacity 300 Sight Range 16 Robot Scan Range 10 Terrain Scan Range 16 Terrain Scan Density 10 Evasion (%) 54 Item Schematics ----------------- None Robot Schematics ------------------ None Fabricated ------------ Nothing Alien Tech Used ----------------- None Achievements -------------- None Challenges ------------ None Game ------ Seed PropulsionCloakingStripper Manual? 0 Play Time 00:22:02 Cumulative 5.2 hours Start 2021.08.15 @ 08:09:54 End 2021.08.15 @ 08:33:23 Sessions 1 Manual Loads 0 Difficulty Rogue Special Mode None Game No. 5 Rogue 5 Adventurer 0 Explorer 0 Win Type - Total 0 Types 0/0/0/0/0/0/0/0/0 Lore% 3 Gallery% 11 Achievement% 9 Wizard Run 0 Options --------- ASCII 0 Keyboard 0 Movement Mouse Keybinds 0 Fullscreen 2 Font 18/SmallcapsGlow Map View 76x50 Tactical HUD 1 Map Filters NONE Filters NONE Steam 1 RUN: f5f8e7bb-fb2d-4291-8e29-da85b6c23893